 Dungeon Crawl Stone Soup version 0.31.0-11-ge490571c62 (webtiles) character file.

Game seed: 5089453618094552973

3 Faeranduil the Apothecary (level 1, -1/11 HPs)
             Began as an Octopode Alchemist on Feb 8, 2024.
             Slain by a kobold
             ... wielding a +0 short sword
              (5 damage)
             ... on level 1 of the Dungeon.
             The game lasted 00:00:23 (200 turns).

Faeranduil the Apothecary (Octopode Alchemist)       Turns: 200, Time: 00:00:23

Health: -1/11      AC:  1    Str:  7    XL:     1   Next: 50%
Magic:  1/3        EV: 13    Int: 17    God:
Gold:   69         SH:  0    Dex: 12    Spells: 3/4 levels left

rFire   . . .        (no weapon)
rCold   . . .        (no shield)
rNeg    . . .        (helmet restricted)
rPois   .            (no amulet)
rElec   .            (no ring)
rCorr   .            (no ring)
SInv    .            (no ring)
Will    .....        (no ring)
Stlth   +++          (no ring)
HPRegen 0.21/turn    (no ring)
MPRegen 0.08/turn    (no ring)
                     (no ring)

%: no passive effects
@: no status effects
A: almost no armour, amphibious, 8 rings, camouflage 1, gelatinous body 1,
(nimble swimmer 1), tentacles
a: no special abilities


You were on level 1 of the Dungeon.
You visited 1 branch of the dungeon, and saw 1 of its levels.

You collected 69 gold pieces.

Inventory:

Scrolls
 c - a scroll of vulnerability {unknown}
 d - a scroll of identify {unknown}
Potions
 a - a potion of magic
 b - 2 potions of brilliance {unknown}


   Skills:
 - Level 2.0 Dodging
 - Level 2.6 Stealth
 + Level 2.0 Spellcasting
 - Level 1.0 Conjurations
 * Level 3.4 Alchemy


You had 3 spell levels left.
You knew the following spells:

 Your Spells              Type           Power      Damage    Failure   Level
a - Sting                 Conj/Alch      36%        1d5       8%          1

Your spell library contained the following spells:

 Spells                   Type           Power      Damage    Failure   Level
 Mercury Vapours          Alch/Air       14%        N/A       14%         2
 Mephitic Cloud           Conj/Alch/Air  6%         N/A       30%         3
 Olgreb's Toxic Radiance  Alch           13%        N/A       41%         4
 Sticky Flame             Fire/Alch      7%         2d4       67%         4


Dungeon Overview and Level Annotations

Branches:
Dungeon (1/15)

Altars:


Innate Abilities, Weirdness & Mutations

You cannot wear most types of armour.
You are amphibious.
You can wear up to eight rings at the same time.
Your skin changes colour to match your surroundings (Stealth+).
Your rubbery body absorbs attacks. (AC +1, EV +1)
((You are camouflaged when in or above water. (Stealth+)))
You have tentacles for arms and can constrict up to eight enemies at once.


Message History

The sting hits the endoplasm.
The endoplasm partially resists.
The endoplasm is lightly wounded.
The endoplasm quivers.
The kobold shouts!
Casting: Sting (safe; 8% risk of failure)
Confirm with . or Enter, or press ? or * to list all spells.
Aiming: Sting (safe; 8% risk of failure)
Press: ? - help, Shift-Dir - straight line, f/p - endoplasm
Aim: an endoplasm (lightly wounded, 97% to hit)
The sting hits the endoplasm.
The endoplasm partially resists.
The endoplasm is poisoned.
The endoplasm is heavily wounded.
A hobgoblin comes into view.
The endoplasm freezes you.
You are frozen.
Casting: Sting (safe; 8% risk of failure)
Confirm with . or Enter, or press ? or * to list all spells.
You don't have enough magic to cast this spell.
Casting: Sting (safe; 8% risk of failure)
Confirm with . or Enter, or press ? or * to list all spells.
You don't have enough magic to cast this spell.
Casting: Sting (safe; 8% risk of failure)
Confirm with . or Enter, or press ? or * to list all spells.
You don't have enough magic to cast this spell.
You kill the endoplasm!
Your magical contamination has completely faded away.
Casting: Sting (safe; 8% risk of failure)
Confirm with . or Enter, or press ? or * to list all spells.
You don't have enough magic to cast this spell.
Casting: Sting (safe; 8% risk of failure)
Confirm with . or Enter, or press ? or * to list all spells.
You don't have enough magic to cast this spell.
You completely miss the kobold. You grab the kobold.
You constrict the kobold, but do no damage.
The kobold hits you with a +0 short sword.
You tentacle-slap the kobold.
The kobold is moderately wounded.
You constrict the kobold, but do no damage.
The kobold hits you with a +0 short sword.
You die...

#############
#.K.........#
#.###.#####.# #. #.# g.
#.# # ##. #K# . .. #@#
################.#
.................#...
........................
#########.#..#..........
.............#.##.......
###.......##.#.# ##.#.##
...............# .# ..
...........[....# # .


You could see a kobold.

Vanquished Creatures
  2 endoplasms (D:1)
  A rat (D:1)
3 creatures vanquished.

Notes
Turn   | Place    | Note
-------+----------+-------------------------------------------
     0 | D:1      | Faeranduil the Octopode Alchemist began the quest for the
                  | Orb.
     0 | D:1      | Reached XP level 1. HP: 11/11 MP: 3/3
    73 | D:1      | Found a faded altar of an unknown god.
   200 | D:1      | Slain by a kobold

Illustrated notes

Levels and vault maps discovered:
D:1:      lemuel_arrival_tunnels, layout_basic,
          shapermc_ecumenical_altar_flowoftime, patterned_corridor

Action                     || total
---------------------------++-------
  Melee: Unarmed           ||    19
         Constrict         ||     5
         Tentacles         ||     3
         Punch             ||     1
   Cast: Sting             ||     4
 Armour: Skin              ||     2
  Dodge: Dodged            ||     1
